 Dungeon Crawl Stone Soup version 0.20-a0-1116-gaa52201 (webtiles) character file.

325774 Gorice the Impregnable (level 20, -2/175 HPs)
             Began as a Minotaur Enchanter on May 3, 2017.
             Was the Champion of Okawaru.
             Slain by a deep troll (20 damage)
             ... led by an ironheart preserver
             ... on level 4 of the Vaults on May 7, 2017.
             The game lasted 05:24:12 (47834 turns).

Gorice the Impregnable (Minotaur Enchanter)        Turns: 47834, Time: 05:24:13

Health: -2/175     AC: 35    Str: 26 (27) XL:     20   Next: 74%
Magic:  19/19      EV: 23    Int: 14      God:    Okawaru [******]
Gold:   2971       SH:  0    Dex: 14 (15) Spells: 20/21 levels left

rFire    + + .     SeeInvis +   a - +1 double sword (slice)
rCold    . . .     Gourm    .   (no shield)
rNeg     + . .     Faith    .   x - +2 plate armour {rF+}
rPois    +         Spirit   .   s - +2 hat {MR+}
rElec    .         Reflect  .   J - +0 cloak
rCorr    .         Harm     .   d - +0 pair of gloves {Str+3}
MR       ++...     Rnd*Rage +   P - +3 pair of boots of Melancholy {rF+}
Stlth    ..........             w - amulet of regeneration
Regen    0.8/turn               i - ring of the Tick {Wiz MP-9 Str+3 Int+2 SInv}
MPRegen  0.2/turn               U - ring "Cegar" {rPois rN+ EV+4 Str+3}

@: heroism
A: retaliatory headbutt, horns 2, berserk 1, deterioration 1, frail 1, subdued
magic 1
}: 2/15 runes: decaying, gossamer
a: Heroism, Finesse, Renounce Religion


You were on level 4 of the Vaults.
You worshipped Okawaru.
Okawaru was exalted by your worship.
You were hungry.

You visited 7 branches of the dungeon, and saw 36 of its levels.
You visited 1 bazaar.
You also visited: Labyrinth, Trove, Sewer, Ice Cave, Volcano and Desolation.

You collected 4618 gold pieces.
You spent 1647 gold pieces at shops.

Inventory:

Hand Weapons
 a - a +1 double sword of slicing (weapon)
   (You took it off Urug on level 11 of the Dungeon)
 b - the +8 arbalest of Omuwn {elec, *Corrode rC+ rN+}
   (Okawaru gifted it to you on level 10 of the Dungeon)

   It charges the ammunition it shoots with electricity; occasionally upon a
   hit, such missiles may discharge and cause terrible harm.
   It protects you from cold.
   It protects you from negative energy.
   It may corrode you when you take damage.
 p - the +6 arbalest "Giantslayer" {penet, rC+ Str+3 Stlth+}
   (Okawaru gifted it to you on level 2 of the Vaults)

   Ammo fired by it will pass through the targets it hits, potentially hitting
   all targets in its path until it reaches maximum range.
   It affects your strength (+3).
   It protects you from cold.
   It makes you more stealthy.
 B - a +0 blowgun
Missiles
 g - 16 curare-tipped needles
 z - 682 bolts
 Y - a throwing net (quivered)
Armour
 d - a +0 pair of gloves of strength (worn)
   (You bought it in a shop on level 10 of the Dungeon)
 s - a +2 hat of magic resistance (worn)
   (Okawaru gifted it to you on level 15 of the Dungeon)
 x - a +2 plate armour of fire resistance (worn)
   (You found it in an ice cave)
 J - a +0 cloak (worn)
 P - the +3 pair of boots of Melancholy (worn) {rF+}
   (Okawaru gifted it to you on level 3 of the Swamp)

   It protects you from fire.
Jewellery
 i - the ring of the Tick (left hand) {Wiz MP-9 Str+3 Int+2 SInv}
   (You found it in the Desolation of Salt)

   [ring of wizardry]

   It improves your spell success rate.
   It affects your strength (+3).
   It affects your intelligence (+2).
   It affects your magic capacity (-9).
   It lets you see invisible.
 t - an uncursed ring of positive energy
 v - the ring "Xuiphib" {+Fly MR+}
   (You found it in the Desolation of Salt)

   [ring of protection from magic]

   It affects your resistance to hostile enchantments.
   It lets you fly.
 w - an amulet of regeneration (around neck)
 U - the ring "Cegar" (right hand) {rPois rN+ EV+4 Str+3}
   (You bought it in a shop on level 4 of the Dungeon)

   [ring of evasion]

   It affects your evasion (+4).
   It affects your strength (+3).
   It protects you from poison.
   It protects you from negative energy.
 V - the ring of Leucudd {MR+ MP+9 Dex+4}
   (You found it in the Desolation of Salt)

   [ring of magical power]

   It affects your dexterity (+4).
   It affects your resistance to hostile enchantments.
   It affects your magic capacity (+9).
Wands
 c - a wand of acid (5/15)
 k - a wand of iceblast (8/15)
 G - a wand of enslavement (8/24)
 K - a wand of paralysis (10/24)
 N - a wand of digging (17/24)
Scrolls
 j - 7 scrolls of fear {!r}
 y - 10 scrolls of remove curse
 C - 5 scrolls of identify
 D - 16 scrolls of teleportation {!r}
 E - a scroll of blinking
 H - a scroll of summoning {!r}
 L - a scroll of magic mapping {!r}
 X - a scroll of fog
Potions
 e - 2 potions of invisibility {!q}
 l - 2 potions of might {!q}
 m - 11 potions of haste {!q}
 o - 4 potions of agility {!q}
 q - 3 potions of cancellation {!q}
 u - 13 potions of curing
 M - a potion of resistance {!q}
 O - 6 potions of ambrosia
 R - 5 potions of heal wounds {!q}
Miscellaneous
 F - 2 sacks of spiders
Comestibles
 n - 13 royal jellies


   Skills:
 + Level 20.5(25.5) Fighting
   Level 8.0(18.1) Short Blades
 + Level 17.4(23.0) Long Blades
 - Level 10.1(15.1) Crossbows
 + Level 21.1(26.1) Armour
 - Level 14.1(19.1) Dodging
 - Level 2.4(7.4) Stealth
 - Level 1.3 Spellcasting
 - Level 2.0 Hexes
 - Level 8.0 Invocations
 - Level 13.2 Evocations


You had 20 spell levels left.
You knew the following spells:

 Your Spells              Type           Power        Failure   Level  Hunger
a - Corona                Hex            #......      13%         1    ##.....


Dungeon Overview and Level Annotations

Branches:
Dungeon (15/15)            Temple (1/1) D:4            Lair (6/6) D:10
  Swamp (4/4) Lair:4       Spider (4/4) Lair:4        Slime (0/5) Lair:6
    Orc (2/2) D:9             Elf (0/3) Orc:2        Vaults (4/5) D:14
  Crypt (0/3) Vaults:2     Depths (0/5) D:15

Altars:
Ashenzari
Cheibriados
Dithmenos
Elyvilon
Fedhas
Gozag
Hepliaklqana
Kikubaaqudgha
Makhleb
Nemelex Xobeh
Okawaru
Qazlal
Ru
Sif Muna
Trog
Uskayaw
Vehumet
Wu Jian
Xom
Yredelemnul
Zin
The Shining One
Beogh
Jiyva

Shops:
D:4 :}%=*   D:10 (([%=   D:14 [   Orc:1 *:(   Orc:2 [%*(   Swamp:1 *


Innate Abilities, Weirdness & Mutations

You reflexively headbutt those who attack you in melee.
You have a pair of horns on your head.
You tend to lose your temper in combat.
Your body sometimes deteriorates upon taking damage.
You are frail. (-10% HP)
Your spells are a little easier to cast, but a little less powerful.


Message History

You hit the deep troll.
You kill the deep troll!
Okawaru accepts your kill.
Unknown command.
You bump into the metal wall.
The deep troll shaman misses you.
The deep troll shaman claws you but does no damage.
The deep troll shaman closely misses you.
You're too confused to move!
The deep troll shaman bites you but does no damage.
The deep troll shaman claws you but does no damage. x2
The deep troll no longer looks unusually strong.
The deep troll shaman calls upon its god to speed up the deep troll.
The deep troll seems to speed up.
All of the chunks of flesh in your inventory have rotted away.
You feel less invigorated.
You feel less confused.
The deep troll shaman calls upon its god to strengthen the deep troll.
The deep troll seems to grow stronger.
You hit the deep troll.
The deep troll is lightly wounded.
The deep troll bites you!!
* * * LOW HITPOINT WARNING * * *
Your body deteriorates!
You feel weakened. The deep troll claws you!!
* * * LOW HITPOINT WARNING * * *
The deep troll barely misses you.
Damage: 40 (max 40) Unknown command.
Really quaff
R - 6 potions of heal wounds {!q}?
You feel much better. The deep troll closely misses you.
The deep troll claws you but does no damage. x2
The deep troll shaman misses you. You furiously retaliate!
You headbutt the deep troll shaman.
You riposte.
You slice the deep troll shaman!!
You kill the deep troll shaman!
Okawaru accepts your kill.
The troll leather armour is intact enough to wear.
The deep troll bites you.
* * * LOW HITPOINT WARNING * * *
The deep troll completely misses you. The deep troll closely misses you.
Unknown command.
You barely miss the deep troll.
The deep troll is lightly wounded.
The deep troll barely misses you.
You riposte.
You slash the deep troll! You headbutt the deep troll!
The deep troll is heavily wounded.
The deep troll claws you!
* * * LOW HITPOINT WARNING * * *
The deep troll claws you!!
You die...

##+#########################
......)......T..............
(.((.(.......T..............
......#########..########...
##... #.....###..#......#...
#.. #....@[##..#......#...
#. #.....T.'..#......#... #
#.......#..#.<....#)..
#.......#..#.[....#...
#....).##..#.[....#...
#.....###..#......#...
#########..#'######...
..............[.[.[..)
..[....[..............


You could see a deep troll.

Vanquished Creatures
  Mennas (Vaults:4)
  Saint Roka (Vaults:1)
  Arachne (Spider:2)
  2 bone dragons
  Jorgrun (Spider:3)
  Rupert (Lair:3)
  Gastronok (D:8)
  A sphinx (Vaults:3)
  A storm dragon (Vaults:2)
  Kirke (Spider:1)
  6 thorn hunters
  A fire giant (Vaults:3)
  4 ghost moths (Spider:4)
  An orc warlord (D:7)
  8 emperor scorpions
  2 imperial myrmidons (Desolation)
  3 vault wardens
  7 ironheart preservers
  3 stone giants
  5 entropy weavers
  Nessos (D:12)
  A halazid warlock (Desolation)
  An ettin (Vaults:3)
  6 ragged hierophants (Desolation)
  6 yaktaur captains
  Josephine (Lair:6)
  A crystal guardian (Desolation)
  3 great orbs of eyes
  A minotaur (Lab)
  A rakshasa (Vaults:1)
  A vault guard (Vaults:1)
  An ice dragon (Vaults:3)
  Erolcha (D:13)
  25 hydras
  2 servants of whispers (Desolation)
  5 ghost crabs
  2 catoblepae
  7 peacekeepers (Desolation)
  5 centaur warriors
  A death knight (Vaults:1)
  An anaconda (Swamp:3)
  32 two-headed ogres
  3 alligators
  Erica (Lair:1)
  A queen ant (Spider:2)
  16 death yaks
  8 ogre magi
  Urug (D:11)
  2 deep troll shamans
  A deep elf knight (Vaults:1)
  A fire crab (shapeshifter) (Vaults:3)
  2 shadow wraiths
  5 hell knights (Vaults:4)
  2 swamp dragons
  3 spriggan druids
  2 deep trolls (Vaults:4)
  3 glowing orange brains
  15 ironbrand convokers
  4 unseen horrors
  A death drake (Swamp:4)
  4 shambling mangroves
  6 deep elf archers
  2 tengu zombies (Vaults:2)
  A harpy (shapeshifter) (Vaults:1)
  4 necromancers
  Pikel (D:9)
  A phantasmal warrior (Swamp:4)
  4 spectral hydras (Swamp:4)
  2 lindwurms (Volcano)
  5 wizards
  19 orb spiders
  12 deep elf magi
  22 ugly things
  36 wolf spiders
  A harpy (Vaults:1)
  20 orc knights
  5 manticores
  4 orc sorcerers
  3 oklob plants
  A tengu skeleton (Vaults:3)
  2 moths of wrath
  5 cyclopes
  A centaur zombie (D:13)
  2 naga magi (D:15)
  16 elephants
  A manticore (shapeshifter) (Vaults:3)
  6 vault sentinels
  2 ice statues (IceCv)
  A black mamba (shapeshifter) (Vaults:2)
  Joseph (D:9)
  2 torpor snails (Spider:1)
  A guardian serpent (shapeshifter) (Vaults:2)
  2 guardian serpents (Desolation)
  7 black mambas
  4 molten gargoyles
  23 spiny frogs
  A torpor snail (shapeshifter) (Vaults:3)
  4 rime drakes
  4 kobold demonologists
  5 swamp worm zombies (Swamp:4)
  A freezing wraith (Vaults:2)
  9 demonic crawlers
  A yaktaur (shapeshifter) (Vaults:3)
  14 yaktaurs
  5 ice devils (IceCv)
  A yaktaur skeleton (Vaults:3)
  3 efreet
  10 komodo dragons
  9 trolls
  24 jumping spiders
  5 hydra zombies (Swamp:4)
  A minotaur zombie (Lab)
  3 meliai (D:14)
  A polar bear (Lair:6)
  A sphinx simulacrum (Vaults:3)
  20 slime creatures
  2 alligator zombies (Swamp:4)
  2 dream sheep (D:9)
  A blink frog (shapeshifter) (Vaults:3)
  Grinder (D:6)
  9 bog bodies
  5 tyrant leeches
  21 hornets
  42 saltlings (Desolation)
  17 hippogriffs
  27 blink frogs
  64 redbacks
  12 spriggans
  An ettin skeleton (Vaults:2)
  49 yaks
  36 tarantellas
  5 wraiths
  3 hungry ghosts
  3 wyverns
  A steam dragon (D:10)
  4 basilisks
  2 shadows
  5 fire elementals (Volcano)
  2 hogs
  A yak (shapeshifter) (D:13)
  Grum (D:9)
  16 vampire mosquitoes
  33 wargs
  29 swamp worms
  3 insubstantial wisps (Swamp:4)
  2 acid dragons
  22 soldier ants (Spider:2)
  7 porcupines
  16 water moccasins
  4 swamp drakes
  77 orc warriors
  2 swamp dragon zombies (Swamp:4)
  A necrophage (D:5)
  7 sky beasts
  3 black bears
  31 ogres
  4 phantoms
  17 wolves
  4 boggarts
  3 human zombies
  2 ice beasts
  12 centaurs
  An eye of draining (D:10)
  9 big kobolds
  12 crocodiles
  A gnoll sergeant (D:8)
  18 bullfrogs
  3 earth elementals (Volcano)
  2 wyvern zombies (D:12)
  A wyvern skeleton (D:14)
  2 water moccasin skeletons
  A scorpion (D:12)
  14 killer bees
  11 wights
  4 howler monkeys
  3 electric eels
  5 jellies
  12 crimson imps
  2 quasits
  3 bullfrog zombies
  18 orc priests
  2 bullfrog skeletons
  6 hounds
  6 centaur skeletons
  An iguana (D:6)
  9 hell rats
  2 spectral swamp drakes (Swamp:4)
  36 orc wizards
  18 worker ants
  3 spriggan simulacra (IceCv)
  2 troll simulacra (IceCv)
  A centaur simulacrum (IceCv)
  A hound skeleton (D:11)
  3 howler monkey zombies
  A worker ant zombie (D:8)
  13 gnolls
  3 howler monkey skeletons
  17 adders
  3 naga simulacra (IceCv)
  An ogre simulacrum (IceCv)
  2 swamp drake zombies (Swamp:4)
  4 shadow imps
  An ooze (D:1)
  An adder zombie (D:6)
  An adder skeleton (D:8)
  4 worms
  7 leopard geckos
  167 orcs
  5 bats
  12 giant cockroaches
  4 goblins
  5 hobgoblins
  10 jackals
  2 quokkas
  2 ball pythons (Swamp:3)
  4 frilled lizards
  30 kobolds
  A leopard gecko skeleton (D:4)
  A quokka zombie (D:8)
  4 rats
  A fire vortex (Volcano)
  A fungus (D:3)
1708 creatures vanquished.

Vanquished Creatures (others)
  2 humans (Spider:1)
  5 insubstantial wisps (Swamp:4)
  4 slaves (D:9)
  A big kobold (D:9)
  An orc (D:6)
  A quokka (D:14)
  21 fungi
  5 plants
40 creatures vanquished.

Grand Total: 1748 creatures vanquished

Notes
Turn   | Place    | Note
-------+----------+-------------------------------------------
     0 | D:1      | Gorice the Minotaur Enchanter began the quest for the Orb.
     0 | D:1      | Reached XP level 1. HP: 14/14 MP: 1/1
   125 | D:1      | Reached skill level 1 in Fighting
   256 | D:1      | Reached XP level 2. HP: 24/24 MP: 0/3
   337 | D:1      | Reached skill level 2 in Short Blades
   508 | D:1      | Reached skill level 2 in Fighting
   508 | D:1      | Reached XP level 3. HP: 25/29 MP: 4/4
  1610 | D:3      | Found a glowing drain.
  1613 | D:3      | Reached skill level 3 in Short Blades
  1637 | Sewer    | Entered a sewer
  1649 | Sewer    | Reached XP level 4. HP: 37/37 MP: 5/5
  1692 | Sewer    | Noticed a crocodile
  1701 | Sewer    | Killed a crocodile
  1701 | Sewer    | Reached skill level 3 in Fighting
  1701 | Sewer    | Reached XP level 5. HP: 46/46 MP: 6/6
  1826 | D:3      | Reached skill level 4 in Short Blades
  1873 | D:3      | Reached skill level 4 in Fighting
  2191 | D:3      | Reached skill level 1 in Armour
  2478 | D:4      | Found a staircase to the Ecumenical Temple.
  2497 | Temple   | Entered the Ecumenical Temple
  2677 | Temple   | Became a worshipper of Warmaster Okawaru
  2719 | D:4      | Noticed an ogre
  2764 | D:3      | Reached skill level 2 in Armour
  2807 | D:3      | Reached XP level 6. HP: 33/52 MP: 7/7
  2991 | D:4      | Reached skill level 5 in Short Blades
  3030 | D:4      | Reached skill level 3 in Armour
  3046 | D:4      | Found Icsog's General Store.
  3049 | D:4      | Bought a +1 pair of boots of flying for 198 gold pieces
  3064 | D:4      | Reached * piety under Okawaru
  3072 | D:4      | Reached skill level 4 in Armour
  3092 | D:4      | Found Nogucvyff's Food Boutique.
  3172 | D:4      | Found Woha's Book Shop.
  3200 | D:4      | Reached XP level 7. HP: 59/59 MP: 8/8
  3221 | D:4      | Found Loevy's Gadget Boutique.
  3373 | D:4      | Found Ceosatzo's Jewellery Emporium.
  3475 | D:5      | Entered Level 5 of the Dungeon
  3553 | D:5      | Reached skill level 6 in Short Blades
  3665 | D:5      | Reached skill level 5 in Armour
  3895 | D:5      | Reached ** piety under Okawaru
  4344 | D:5      | Reached skill level 6 in Armour
  4472 | D:5      | Reached skill level 7 in Short Blades
  4472 | D:5      | Reached skill level 1 in Invocations
  4472 | D:5      | Reached XP level 8. HP: 57/66 MP: 6/9
  4980 | D:5      | Reached skill level 2 in Invocations
  5188 | D:6      | Noticed Grinder
  5198 | D:6      | Killed Grinder
  5198 | D:6      | Reached skill level 7 in Armour
  5205 | D:6      | Reached skill level 8 in Short Blades
  5329 | D:6      | Reached skill level 5 in Fighting
  5393 | D:6      | Gained mutation: Your spells are a little easier to cast, but a little less powerful. [mutagenic glow]
  5422 | D:6      | Gained mutation: You are frail. (-10% HP) [mutagenic glow]
  5453 | D:5      | Reached skill level 8 in Armour
  5470 | D:5      | Gained mutation: You tend to lose your temper in combat. [mutagenic glow]
  5501 | D:5      | Gained mutation: Your body sometimes deteriorates upon taking damage. [mutagenic glow]
  6037 | D:6      | Reached skill level 6 in Fighting
  6037 | D:6      | Reached XP level 9. HP: 62/67 MP: 10/10
  6121 | D:7      | Reached *** piety under Okawaru
  6279 | D:7      | Reached skill level 9 in Armour
  6300 | D:7      | Reached skill level 7 in Fighting
  6836 | D:7      | Reached skill level 8 in Fighting
  6836 | D:7      | Reached skill level 10 in Armour
  7050 | D:7      | Reached **** piety under Okawaru
  7186 | D:7      | Reached skill level 9 in Fighting
  7221 | D:7      | Reached skill level 11 in Armour
  7221 | D:7      | Reached XP level 10. HP: 44/81 MP: 11/11
  7454 | D:7      | Noticed an orc knight
  7479 | D:7      | Killed an orc knight
  7479 | D:7      | Reached ***** piety under Okawaru
  7495 | D:7      | HP: 21/83 [orc warrior/tomahawk (9)]
  7522 | D:7      | Reached skill level 10 in Fighting
  7837 | D:7      | Noticed an orc warlord
  7846 | D:7      | Killed an orc warlord
  7846 | D:7      | Reached skill level 11 in Fighting
  7846 | D:7      | Reached skill level 12 in Armour
  8178 | D:7      | Reached skill level 3 in Invocations
  8267 | D:7      | Found a hide-covered altar of Uskayaw.
  8282 | D:7      | Got an iridescent mace {flame}
  8283 | D:7      | Identified the +4 mace "Uhiwae" {flame, +Rage rF+ Str+3} (You took it off an orc on level 7 of the Dungeon)
  8401 | D:8      | Noticed a two-headed ogre
  8428 | D:7      | Killed a two-headed ogre
  8428 | D:7      | Received a gift from Okawaru
  8577 | D:8      | Reached XP level 11. HP: 91/91 MP: 9/12
  8711 | D:8      | Noticed Gastronok
  8742 | D:8      | Killed Gastronok
  8742 | D:8      | Reached skill level 13 in Armour
  8742 | D:8      | Reached skill level 4 in Invocations
  8961 | D:7      | Found an ancient bone altar of Kikubaaqudgha.
  9033 | D:9      | Noticed Joseph
  9048 | D:9      | Killed Joseph
  9048 | D:9      | Reached skill level 12 in Fighting
  9082 | D:9      | Reached skill level 5 in Invocations
  9544 | D:8      | Killed an unseen horror
  9563 | D:8      | Noticed a skeletal warrior
 10088 | D:4      | Bought the ring "Cegar" {rPois rN+ EV+4 Str+3} for 692 gold pieces
 10435 | D:9      | Found a staircase to the Orcish Mines.
 10530 | D:9      | Found a blossoming altar of Fedhas.
 10656 | D:9      | Noticed Grum
 10663 | D:9      | Noticed Pikel
 10668 | D:9      | Killed Grum
 10676 | D:9      | Killed Pikel
 10676 | D:9      | Reached skill level 6 in Invocations
 10786 | D:9      | Noticed a two-headed hydra
 10795 | D:9      | Killed a two-headed hydra
 10795 | D:9      | Reached skill level 14 in Armour
 10844 | D:9      | Reached skill level 13 in Fighting
 10906 | D:10     | Entered Level 10 of the Dungeon
 10912 | D:10     | Found Kidates's Food Shoppe.
 10972 | D:10     | Found Bera's Armour Boutique.
 11055 | D:10     | Reached ****** piety under Okawaru
 11055 | D:10     | Received a gift from Okawaru
 11056 | D:10     | Got a shimmering arbalest {god gift}
 11080 | D:10     | Identified the Catalogue of Entrancing Weightlessness
 11083 | D:10     | Identified the +8 arbalest of Omuwn {elec, *Corrode rC+ rN+} (Okawaru gifted it to you on level 10 of the Dungeon)
 11277 | D:10     | Found Heesie's Antique Weapon Shop.
 11316 | D:10     | Reached XP level 12. HP: 67/103 MP: 16/16
 11323 | D:10     | Reached skill level 7 in Invocations
 11386 | D:10     | Noticed a two-headed ogre
 11432 | D:10     | Killed a two-headed ogre
 11573 | D:10     | Found Cetal's Antique Weapon Boutique.
 11582 | D:10     | Bought an encrusted falchion for 200 gold pieces
 11594 | D:10     | Identified the cursed +3 falchion of Tucher {freeze, rF+ Int+3} (You bought it in a shop on level 10 of the Dungeon)
 11712 | D:10     | Found a blossoming altar of Fedhas.
 11713 | D:10     | Found Faesuun's Jewellery Shop.
 11933 | D:10     | Found a staircase to the Lair.
 12419 | Lair:1   | Entered Level 1 of the Lair of Beasts
 12724 | Lair:1   | Received a gift from Okawaru
 12735 | Lair:1   | Found a snail-covered altar of Cheibriados.
 12782 | Lair:1   | Found a dark tunnel.
 12789 | Lair:1   | Upgraded the game from 0.20-a0-1089-g3fde505 to 0.20-a0-1101-g1de9d76
 12795 | Volcano  | Entered a volcano
 13021 | Volcano  | Reached skill level 1 in Long Blades
 13021 | Volcano  | Reached skill level 8 in Invocations
 13339 | Volcano  | Reached skill level 2 in Long Blades
 13378 | Volcano  | Reached skill level 14 in Fighting
 13388 | Volcano  | Reached skill level 15 in Armour
 13887 | Volcano  | Reached skill level 3 in Long Blades
 13998 | Lair:1   | Noticed Erica
 14033 | Lair:1   | Killed Erica
 14033 | Lair:1   | Received a gift from Okawaru
 14033 | Lair:1   | Reached skill level 4 in Long Blades
 14611 | D:10     | Bought a +0 pair of gloves of strength for 138 gold pieces
 14715 | Lair:2   | Noticed a four-headed hydra
 14725 | Lair:2   | Killed a two-headed hydra
 14725 | Lair:2   | Reached skill level 5 in Long Blades
 14877 | Lair:2   | Got a smoking scale mail
 14878 | Lair:2   | Identified the +2 scale mail "Daynif" {*Slow Int+8} (You found it on level 2 of the Lair of Beasts)
 15088 | Lair:2   | Noticed a four-headed hydra
 15094 | Lair:2   | Killed a four-headed hydra
 15094 | Lair:2   | Reached XP level 13. HP: 112/112 MP: 18/18
 15378 | Lair:2   | Upgraded the game from 0.20-a0-1101-g1de9d76 to 0.20-a0-1109-ge3cd172
 15527 | Lair:3   | Reached skill level 6 in Long Blades
 15868 | Lair:3   | Reached skill level 15 in Fighting
 16074 | Lair:3   | Received a gift from Okawaru
 16075 | Lair:3   | Got an ancient hat {god gift}
 16086 | Lair:3   | Identified the +1 hat of the Desolation of Salt {+Fly rF++ Int+4 Stlth-} (Okawaru gifted it to you on level 3 of the Lair of Beasts)
 16134 | Lair:3   | Reached skill level 16 in Armour
 16255 | Lair:3   | Reached skill level 7 in Long Blades
 16268 | Lair:3   | Reached skill level 1 in Crossbows
 16340 | Lair:3   | Noticed Rupert
 16366 | Lair:3   | Killed Rupert
 16366 | Lair:3   | Reached skill level 2 in Crossbows
 16366 | Lair:3   | Reached skill level 3 in Dodging
 16786 | Lair:3   | Reached skill level 3 in Crossbows
 16839 | Lair:3   | Reached skill level 4 in Dodging
 16929 | Lair:4   | Reached skill level 8 in Long Blades
 16950 | Lair:4   | Reached skill level 4 in Crossbows
 17011 | Lair:4   | Reached skill level 5 in Dodging
 17236 | Lair:4   | You are sucked into a shaft!
 17266 | Lair:5   | Reached skill level 5 in Crossbows
 17286 | Lair:5   | Reached skill level 9 in Long Blades
 17343 | Lair:5   | Received a gift from Okawaru
 17513 | Lair:5   | Reached skill level 6 in Dodging
 17700 | Lair:5   | Received a gift from Okawaru
 18431 | Lair:6   | Entered Level 6 of the Lair of Beasts
 18443 | Lair:5   | Reached XP level 14. HP: 113/121 MP: 19/19
 18477 | Lair:5   | Reached skill level 6 in Crossbows
 18616 | Lair:5   | Reached skill level 10 in Long Blades
 18778 | Lair:6   | Reached skill level 7 in Dodging
 18831 | Lair:6   | Found a sparkling altar of Nemelex Xobeh.
 18854 | Lair:6   | Reached skill level 7 in Crossbows
 18983 | Lair:6   | Found a staircase to the Slime Pits.
 18990 | Lair:6   | Found a viscous altar of Jiyva.
 19210 | Lair:6   | Reached skill level 8 in Dodging
 19333 | Lair:6   | Noticed Josephine
 19339 | Lair:6   | Killed Josephine
 19371 | Lair:6   | Received a gift from Okawaru
 19371 | Lair:6   | Reached skill level 8 in Crossbows
 19380 | Lair:6   | Reached skill level 11 in Long Blades
 19908 | Lair:6   | Received a gift from Okawaru
 20025 | Lair:6   | Reached skill level 9 in Dodging
 20028 | Lair:6   | Reached skill level 9 in Crossbows
 20582 | Orc:1    | Entered Level 1 of the Orcish Mines
 20582 | Orc:1    | Found Eclint's General Store.
 20688 | Orc:1    | Found Muunkoku's Book Emporium.
 20884 | Orc:2    | Entered Level 2 of the Orcish Mines
 21132 | Orc:1    | Reached XP level 15. HP: 126/126 MP: 20/20
 21146 | Orc:1    | Received a gift from Okawaru
 21148 | Orc:1    | Reached skill level 12 in Long Blades
 21157 | Orc:1    | Found Barch's Antique Weapon Shop.
 21547 | Orc:2    | Upgraded the game from 0.20-a0-1109-ge3cd172 to 0.20-a0-1114-g33edf32
 21632 | Orc:2    | Found a staircase to the Elven Halls.
 22497 | Orc:2    | Reached skill level 10 in Dodging
 22522 | Orc:2    | Reached skill level 10 in Crossbows
 22650 | Orc:2    | Found Kecvozet's Food Shop.
 22650 | Orc:2    | Found Tacyts's Armour Emporium.
 22691 | Orc:2    | Found a roughly hewn altar of Beogh.
 22701 | Orc:2    | Found Baymeoc's Weapon Shop.
 22791 | Orc:2    | HP: 33/126 [orc warrior/broad axe (13)]
 22799 | Orc:2    | HP: 35/126 [poisoned by an orc knight]
 22807 | Orc:2    | Found Efucec's General Store.
 22832 | Orc:2    | Bought a scroll of identify for 30 gold pieces
 22832 | Orc:2    | Bought a scroll of teleportation for 45 gold pieces
 22833 | Orc:2    | --No orc sorcerors or high priests?
 23188 | D:11     | Noticed Urug
 23210 | D:11     | Killed Urug
 23305 | D:11     | Reached skill level 1 in Evocations
 23844 | D:11     | Reached skill level 2 in Evocations
 24413 | Lair:4   | Reached skill level 13 in Long Blades
 24460 | Lair:4   | Found a hole to the Spider Nest.
 24547 | Lair:4   | Received a gift from Okawaru
 24549 | Lair:4   | Reached skill level 3 in Evocations
 24562 | Lair:4   | Reached skill level 11 in Dodging
 24959 | Lair:4   | Found a staircase to the Swamp.
 25610 | D:12     | Reached skill level 4 in Evocations
 25648 | D:12     | Noticed Nessos
 25652 | D:12     | Killed Nessos
 25967 | D:12     | Found a portal to a secret trove of treasure.
 26156 | D:13     | Received a gift from Okawaru
 26456 | D:13     | Noticed Erolcha
 26490 | D:13     | Killed Erolcha
 26643 | D:13     | Received a gift from Okawaru
 26790 | D:14     | Reached skill level 5 in Evocations
 26803 | D:14     | Received a gift from Okawaru
 26858 | D:14     | Reached XP level 16. HP: 116/134 MP: 21/21
 26865 | D:14     | Reached skill level 12 in Dodging
 26989 | D:14     | Found a white marble altar of Elyvilon.
 27006 | D:14     | Reached skill level 14 in Long Blades
 27108 | D:14     | Received a gift from Okawaru
 27273 | D:14     | Found a gate to the Vaults.
 27306 | D:14     | Reached skill level 6 in Evocations
 27357 | D:14     | Found Juthroc's Armour Emporium.
 27609 | D:14     | Found an iron altar of Okawaru.
 27750 | D:15     | Entered Level 15 of the Dungeon
 27851 | D:15     | Found a labyrinth entrance.
 27896 | Lab      | Entered a labyrinth
 27978 | Lab      | Identified the Papyrus of Creative Translocation
 28002 | Lab      | Got a scorched morningstar
 28002 | Lab      | Got a twisted leather armour
 28023 | D:15     | Found a frozen archway.
 28035 | IceCv    | Entered an ice cave
 28491 | IceCv    | Got an opal-encrusted chain mail
 28499 | IceCv    | Identified the cursed +0 chain mail "Xeuledal" {rPois rCorr Dex-4} (You found it in an ice cave)
 28958 | D:15     | Found a staircase to the Depths.
 29128 | D:15     | Received a gift from Okawaru
 29273 | D:14     | Reached skill level 7 in Evocations
 29899 | Spider:1 | Entered Level 1 of the Spider Nest
 30015 | Spider:1 | Noticed Kirke
 30108 | Spider:1 | Killed Kirke
 30108 | Spider:1 | Reached skill level 13 in Dodging
 30213 | Spider:1 | Reached skill level 15 in Long Blades
 31084 | Spider:1 | Reached skill level 8 in Evocations
 31864 | Spider:2 | Received a gift from Okawaru
 31961 | Spider:2 | Reached skill level 14 in Dodging
 31974 | Spider:2 | Reached XP level 17. HP: 127/140 MP: 22/22
 31996 | Spider:2 | Received a gift from Okawaru
 32098 | Spider:2 | Reached skill level 9 in Evocations
 32141 | Spider:2 | Received a gift from Okawaru
 32851 | Spider:2 | Noticed Arachne
 32871 | Spider:2 | Killed Arachne
 32871 | Spider:2 | Received a gift from Okawaru
 33088 | Spider:3 | Noticed Jorgrun
 33110 | Spider:3 | Killed Jorgrun
 33518 | Spider:3 | Received a gift from Okawaru
 33705 | Spider:3 | Received a gift from Okawaru
 34153 | Spider:4 | Entered Level 4 of the Spider Nest
 34192 | Spider:4 | Reached skill level 16 in Fighting
 34200 | Spider:4 | Reached skill level 10 in Evocations
 34833 | Spider:4 | Reached skill level 17 in Armour
 34998 | Spider:4 | HP: 41/143 [jumping spider (18)]
 35244 | Spider:4 | Received a gift from Okawaru
 35514 | Spider:4 | Got a gossamer rune of Zot
 35903 | Swamp:1  | Entered Level 1 of the Swamp
 35967 | Swamp:1  | Reached XP level 18. HP: 151/151 MP: 25/25
 35982 | Swamp:1  | Found Aduin's Island Escapes.
 35993 | Swamp:1  | Bought a potion of invisibility for 144 gold pieces
 36431 | Swamp:1  | Reached skill level 11 in Evocations
 36714 | Swamp:1  | --Spider and Swamp have been generous with ID scrolls
 36714 | Swamp:1  | --time for that trove!
 36954 | D:12     | You paid a toll of 20 scrolls of identify to enter a treasure trove
 36955 | Trove    | Entered a treasure trove
 36963 | Trove    | Got an encrusted hat
 36976 | Trove    | Got a shimmering diamond amulet
 36987 | Trove    | Got a polished chain mail
 37001 | Trove    | Identified the amulet of Hiugena {Faith rC+ Dex-2 Stlth+} (You found it in a treasure trove)
 37003 | Trove    | Identified the +1 chain mail "Fuves" {rElec MR+ rCorr} (You found it in a treasure trove)
 37004 | Trove    | Identified the +0 hat "Baiggana" {+Fly rPois Str-4 Dex+4} (You found it in a treasure trove)
 37449 | Swamp:2  | Reached skill level 17 in Fighting
 38028 | Swamp:2  | Reached skill level 18 in Armour
 38431 | Swamp:3  | Received a gift from Okawaru
 38652 | Swamp:3  | Received a gift from Okawaru
 38653 | Swamp:3  | Got a pair of distressingly furry boots {god gift}
 38725 | Swamp:3  | Identified the +3 pair of boots of Melancholy {rF+} (Okawaru gifted it to you on level 3 of the Swamp)
 39328 | Swamp:4  | Entered Level 4 of the Swamp
 39391 | Swamp:4  | Got a polished great sword
 39413 | Swamp:4  | Identified the +1 great sword "Riodios" {holy, +Inv} (You found it on level 4 of the Swamp)
 39835 | Swamp:4  | Reached skill level 12 in Evocations
 39990 | Swamp:4  | HP: 44/151 [poisoned by a death drake (dark miasma)]
 39992 | Swamp:4  | HP: 21/153 [something (16)]
 40458 | Swamp:4  | Reached skill level 18 in Fighting
 40464 | Swamp:4  | Noticed a bone dragon
 40489 | Swamp:4  | Killed a bone dragon
 40506 | Swamp:4  | Got a decaying rune of Zot
 40951 | Vaults:1 | Entered Level 1 of the Vaults
 41129 | Vaults:1 | Received a gift from Okawaru
 41145 | Vaults:1 | Identified a scroll of acquirement
 41203 | Vaults:1 | Found a flickering gateway to a bazaar.
 41212 | Bazaar   | Entered a bazaar
 41231 | Bazaar   | Found Voasod's Gadget Shop.
 41251 | Bazaar   | Found Miafol's Antique Armour Shop.
 41279 | Bazaar   | Bought a sack of spiders for 200 gold pieces
 41350 | Vaults:1 | Reached XP level 19. HP: 122/161 MP: 27/27
 41512 | Vaults:1 | Reached skill level 19 in Armour
 41711 | Vaults:1 | Noticed Saint Roka
 41746 | Vaults:1 | Killed Saint Roka
 41816 | Vaults:1 | Received a gift from Okawaru
 41818 | Vaults:1 | Got a dazzling buckler {god gift}
 41917 | Vaults:1 | Paralysed by a great orb of eyes for 3 turns
 42017 | Vaults:1 | Reached skill level 13 in Evocations
 42654 | Vaults:1 | Identified the +3 buckler of the Eternal Fruit {*Corrode rElec rC+++ Dex-5} (Okawaru gifted it to you on level 1 of the Vaults)
 42693 | Vaults:2 | Found a ruined gateway.
 42710 | Desolati | Entered the Desolation of Salt
 42828 | Desolati | Reached skill level 19 in Fighting
 42840 | Desolati | Got a sparkling turquoise ring
 43110 | Desolati | Got a bound amber ring
 43112 | Desolati | Got a twisted plate armour
 43137 | Desolati | Got an ancient granite ring
 43139 | Desolati | Got a coiled lapis lazuli ring
 43294 | Desolati | Received a gift from Okawaru
 43354 | Desolati | Identified Huttuobb's Handbook of the Traveller
 43357 | Desolati | Got a clouded turquoise ring
 43366 | Desolati | Got a slimy ivory ring
 43368 | Desolati | Identified the ring of the Tick {Wiz MP-9 Str+3 Int+2 SInv} (You found it in the Desolation of Salt)
 43370 | Desolati | Identified the ring "Xuiphib" {+Fly MR+} (You found it in the Desolation of Salt)
 43372 | Desolati | Identified the ring of Geythrol {Wiz Int+6 Dex+6} (You found it in the Desolation of Salt)
 43374 | Desolati | Identified the ring "Ludgheha" {*Contam rPois Str+5 Int+2} (You found it in the Desolation of Salt)
 43376 | Desolati | Identified the ring of Leucudd {MR+ MP+9 Dex+4} (You found it in the Desolation of Salt)
 43379 | Desolati | Identified the ring "Okaef" {*Tele rF+} (You found it in the Desolation of Salt)
 43397 | Desolati | Identified the +5 plate armour of Lohem {Int+7 Slay-3} (You found it in the Desolation of Salt)
 43428 | Desolati | Reached skill level 20 in Armour
 44252 | Vaults:2 | Reached skill level 16 in Long Blades
 44285 | Vaults:2 | Received a gift from Okawaru
 44320 | Vaults:2 | Got a warped quick blade {god gift}
 44642 | Vaults:2 | Reached XP level 20. HP: 140/171 MP: 22/28
 45072 | Vaults:2 | Noticed a bone dragon
 45088 | Vaults:2 | Killed a bone dragon
 45148 | Vaults:2 | Found a staircase to the Crypt.
 45506 | Vaults:2 | Received a gift from Okawaru
 45507 | Vaults:2 | Got a faintly glowing arbalest {god gift}
 45508 | Vaults:2 | Identified the +6 arbalest "Giantslayer" {penet, rC+ Str+3 Stlth+} (Okawaru gifted it to you on level 2 of the Vaults)
 45732 | Vaults:2 | Upgraded the game from 0.20-a0-1114-g33edf32 to 0.20-a0-1116-gaa52201
 46264 | Vaults:3 | Reached skill level 20 in Fighting
 46725 | Vaults:3 | Received a gift from Okawaru
 46886 | Vaults:3 | Reached skill level 17 in Long Blades
 47517 | Vaults:4 | Reached skill level 21 in Armour
 47568 | Vaults:4 | Noticed Mennas
 47625 | Vaults:4 | Killed Mennas
 47817 | Vaults:4 | HP: 42/175 [deep troll[an ironheart preserver] (24)]
 47825 | Vaults:4 | HP: 21/175 [deep troll[an ironheart preserver] (11)]
 47832 | Vaults:4 | HP: 25/175 [deep troll[an ironheart preserver] (21)]
 47832 | Vaults:4 | HP: 5/175 [deep troll[an ironheart preserver] (20)]
 47834 | Vaults:4 | Slain by a deep troll

Vault maps used:
D:1:      eino_arrival_water_star, serial_glass, glass_columns_a,
          glass_columns_c, minmay_tetromino_i2
D:2:      minmay_misc_feat_alley, minmay_misc_feat_nine_boxes
D:3:      gup_sewer_entry_pipe, minmay_gold_behind_fungi
D:4:      temple_statues, serial_shops, shop, shop, nicolae_shop_trees,
          nicolae_shop_stone, kennysheep_mini_moat
D:5:      first_bread
D:6:      uniq_grinder
D:7:      lemuel_castle_with_subvaults, nicolae_overflow_hidden_temple
D:8:      minmay_klotski, uniq_gastronok
D:9:      hiddenorc2_lemuel, hangedman_ranch, minmay_misc_feat_roman,
          library_closet, grunt_decor_fettered, fedhas_altar_3, uniq_pikel,
          uniq_joseph, uniq_grum
D:10:     erik_lair_dragon, basic_altar, serial_shops, nicolae_shop_crystal,
          shop, shop, nicolae_shop_competitors_out_of_business, shop
D:11:     serial_park, serial_park_square2, serial_park_tiny_2,
          serial_park_tiny_2, serial_park_gazebo, small_statue_alley_a,
          uniq_urug
D:12:     nicolae_trove_entry_diagonal, uniq_nessos
D:13:     lightli_minifort, uniq_erolcha
D:14:     hangedman_vaults_entry_quadrant_bands, elyvilon_altar_4, serial_shops,
          shop, okawaru_ov_weapons_minmay
D:15:     grunt_enter_depths_magical_seal, roderic_lattice_octagonal_star,
          portal_ice_cave_rime, lab_entry_generic
Temple:   regret_index_temple_chain_breaker
Lair:1:   enter_volcano_1, basic_altar, minivault_25, uniq_erica
Lair:2:   grunt_megastairs_5, serial_bayou_shore_a
Lair:3:   beast_lair_carwin_9, lemuel_fruit_tree, grunt_megastairs_1,
          uniq_rupert
Lair:4:   nicolae_swamp_entry_splash_gauntlet, spider_nest_entry_rubble,
          beast_lair_carwin_7
Lair:6:   grunt_lair_end_beastmaster, slime_altar_1, basic_altar,
          grunt_megastairs_3, infiniplex_staircase_pool, uniq_josephine
Swamp:1:  evilmike_swamp_ruin_rubble_1, swamp_pool1, nicolae_island_escapes
Swamp:2:  nicolae_swamp_phyte_club, evilmike_swamp_ruin_house_3
Swamp:3:  evilmike_swamp_ruin_house_2, swamp_pool2, nicolae_swamp_snake_nest
Swamp:4:  swamp_pestilence
Spider:1: spiders_nest_hornet_nest, uniq_kirke
Spider:2: zaba_antful_of_joy, nicolae_spider_cling_halls, uniq_arachne
Spider:3: hangedman_spider_tarantella_strand, uniq_jorgrun
Spider:4: grunt_spider_rune_circles
Orc:1:    serial_shops, shop, shop, nicolae_shop_waterfront
Orc:2:    st_orc_town, nicolae_orc_tapped_out
Vaults:1: grunt_vaults_funnel, vaults_mumra_chevron, vaults_mumra_minichess,
          v_alt_pattern_6, hangedman_vaults_nails, v_misc_25,
          nicolae_vaults_network_quincunx, vaults_standard_mumra_lines,
          ontoclasm_vaults_ring_square, vaults_room_pool,
          ontoclasm_vaults_pinch, serial_shops, bzr_entry_water, uniq_saint_roka
Vaults:2: ontoclasm_vaults_twist, vaults_room_glass_cross,
          minmay_crypt_entry_nasty_monster, v_rooms_2, v_misc_3,
          nicolae_vaults_network_square, nicolae_vaults_diagonal_hallway_7,
          hangedman_vaults_stretched_pinwheel, hangedman_vaults_cutoff,
          ontoclasm_vaults_idyll, nicolae_vaults_sealed_display, v_pattern_2,
          vaults_room_ringed_pool, ontoclasm_vaults_ligature,
          portal_desolation_entry_nicolae_slug
Vaults:3: v_alt_pattern_1, v_alt_pattern_4, v_misc_1, vaults_room_fours,
          v_misc_12, v_misc_2, ontoclasm_vaults_shuriken,
          hangedman_vaults_snaps, grunt_vaults_hallway_short,
          nicolae_vaults_big_angled_halls, ontoclasm_vaults_ring_small,
          nicolae_vaults_ninety_degrees
Vaults:4: v_misc_3, vaults_room_semicircle, ontoclasm_vaults_spin,
          vaults_dpeg_diagonal, vaults_room_corners,
          nicolae_vaults_network_periphery, nicolae_vaults_inception_statues,
          nicolae_vaults_alarming, hangedman_vaults_cutoff,
          ontoclasm_vaults_ring_small, vaults_room_hallway,
          vaults_dpeg_encased_lava, nicolae_vaults_shelves_hall,
          nicolae_vaults_angled_halls, vaults_room_stairs_pillars, uniq_mennas
Lab:      labyrinth_hidden_loot, nicolae_lab_big_swirl, nicolae_lab_grate,
          nicolae_lab_t_cross, labyrinth_skeletal_remains, lab_fountain
Bazaar:   bazaar_jpeg_cross
Trove:    trove_simple
Sewer:    sewer_the_crocodile
IceCv:    ice_cave_tombish
Volcano:  volcano_aerie

Skill      XL: |  1  2  3  4  5  6  7  8  9 10 11 12 13 14 15 16 17 18 19 20 |
---------------+-------------------------------------------------------------+-----
Fighting       | 1 2 3 4 6 9 11 13 14 15 16 18 19 20 | 20.5
Short Blades   | 2 3 4 5 7 8 |  8.0
Armour         | 2 4 6 8 11 12 14 15 16 17 18 20 21 | 21.1
Invocations    | 1 2 3 6 8 |  8.0
Long Blades    | 5 9 11 13 15 16 17 | 17.4
Crossbows      | 5 9 10 | 10.1
Dodging        | 6 9 11 14 | 14.1
Evocations     | 5 8 10 12 13 | 13.2
Stealth        | |  2.4
Spellcasting   | |  1.3
Hexes          | |  2.0

Action                   |  1- 3 |  4- 6 |  7- 9 | 10-12 | 13-15 | 16-18 | 19-21 || total
-------------------------+-------+-------+-------+-------+-------+-------+-------++-------
Melee: Dagger            |    77 |   117 |   351 |   758 |   118 |       |       ||  1421
       Headbutt          |    11 |    19 |    52 |   186 |   276 |   338 |   282 ||  1164
       Short sword       |       |       |       |     1 |       |       |       ||     1
       Falchion          |       |       |       |   127 |       |       |       ||   127
       Scimitar          |       |       |       |     7 |   900 |   377 |       ||  1284
       Punch             |       |       |       |     3 |     4 |    12 |     1 ||    20
       Double sword      |       |       |       |       |       |   746 |   828 ||  1574
       Arbalest          |       |       |       |       |       |       |     2 ||     2
 Fire: Arbalest          |       |       |       |    65 |   439 |   687 |   305 ||  1496
Throw: Tomahawk          |     6 |    16 |    14 |    11 |     2 |       |       ||    49
       Throwing net      |       |       |       |       |     1 |     1 |       ||     2
 Cast: Corona            |       |       |       |     1 |       |       |       ||     1
Invok: Heroism           |       |       |     5 |    21 |    11 |    24 |     7 ||    68
       Finesse           |       |       |       |     2 |     1 |     1 |     1 ||     5
Evoke: Wand              |       |       |     7 |    13 |       |     2 |     1 ||    23
  Use: Scroll            |     6 |     5 |     7 |    10 |     7 |    18 |       ||    53
       Potion            |       |     3 |       |     2 |       |     3 |     4 ||    12
 Stab: Sleeping          |     1 |       |       |       |       |       |       ||     1
       Confused          |       |       |     4 |     5 |       |       |       ||     9
  Eat: Chunk             |     2 |     5 |    15 |    24 |    37 |    40 |    19 ||   142
       Royal jelly       |       |       |       |     2 |     1 |     4 |     1 ||     8
Armor: Robe              |     4 |       |       |       |       |       |       ||     4
       Chain mail        |    32 |    52 |     3 |   121 |   496 |    47 |       ||   751
       Plate armour      |       |       |   145 |   277 |       |   845 |   418 ||  1685
Dodge: Dodged            |    24 |    39 |    68 |   283 |   801 |  1469 |   667 ||  3351
       Rpst.: Falchion   |       |       |       |    14 |       |       |       ||    14
       Scimitar          |       |       |       |       |   142 |    49 |       ||   191
       Double sword      |       |       |       |       |       |   142 |   123 ||   265

Table legend:
 A = Turns spent in this place as a percentage of turns spent in the entire game.
 B = Non-inter-level travel turns spent in this place as a percentage of non-inter-level travel turns spent in the entire game.
 C = Inter-level travel turns spent in this place as a percentage of turns spent in this place.
 D = Turns resting spent in this place as a percentage of non-inter-level travel turns spent in this place.
 E = Turns spent auto-exploring this place as a percentage of non-inter-level travel turns spent in this place.
 F = Non-inter-level travel turns spent in this place divided by the number of levels of this place that you've seen.
                   A       B       C       D       E      F
               +-------+-------+-------+-------+-------+----------------------
         Total | 100.0 | 100.0 |   0.6 |   1.4 |   3.1 | 524.6
       Dungeon |  31.1 |  31.1 |   0.8 |   1.7 |   4.5 | 467.3
        Temple |   0.1 |   0.1 |   7.7 |   0.0 |  87.5 |  24.0
          Lair |  16.1 |  16.0 |   0.9 |   1.2 |   3.7 | 601.5
         Swamp |   9.8 |   9.7 |   0.7 |   1.2 |   3.6 | 549.5
   Spider Nest |  13.1 |  13.2 |   0.3 |   2.2 |   2.4 | 742.2
  Orcish Mines |   6.9 |   6.9 |   0.3 |   0.5 |   1.5 | 776.0
        Vaults |  15.4 |  15.4 |   0.3 |   0.8 |   1.1 | 869.2
     Labyrinth |   0.5 |   0.5 |   0.0 |   0.0 |   0.0 | 118.0
        Bazaar |   0.4 |   0.4 |   0.0 |   0.0 |   0.0 |  85.0
         Trove |   0.2 |   0.2 |   0.0 |   0.0 |   0.0 |  49.0
         Sewer |   0.5 |   0.5 |   0.0 |   0.0 |   2.9 | 103.0
      Ice Cave |   1.5 |   1.5 |   0.0 |   2.1 |   0.3 | 336.0
       Volcano |   1.4 |   1.4 |   0.0 |   4.6 |   0.3 | 323.0
    Desolation |   3.1 |   3.1 |   0.0 |   1.6 |   1.8 | 706.0
               +-------+-------+-------+-------+-------+----------------------

Vault maps used:
D:1:      eino_arrival_water_star, serial_glass, glass_columns_a,
          glass_columns_c, minmay_tetromino_i2
D:2:      minmay_misc_feat_alley, minmay_misc_feat_nine_boxes
D:3:      gup_sewer_entry_pipe, minmay_gold_behind_fungi
D:4:      temple_statues, serial_shops, shop, shop, nicolae_shop_trees,
          nicolae_shop_stone, kennysheep_mini_moat
D:5:      first_bread
D:6:      uniq_grinder
D:7:      lemuel_castle_with_subvaults, nicolae_overflow_hidden_temple
D:8:      minmay_klotski, uniq_gastronok
D:9:      hiddenorc2_lemuel, hangedman_ranch, minmay_misc_feat_roman,
          library_closet, grunt_decor_fettered, fedhas_altar_3, uniq_pikel,
          uniq_joseph, uniq_grum
D:10:     erik_lair_dragon, basic_altar, serial_shops, nicolae_shop_crystal,
          shop, shop, nicolae_shop_competitors_out_of_business, shop
D:11:     serial_park, serial_park_square2, serial_park_tiny_2,
          serial_park_tiny_2, serial_park_gazebo, small_statue_alley_a,
          uniq_urug
D:12:     nicolae_trove_entry_diagonal, uniq_nessos
D:13:     lightli_minifort, uniq_erolcha
D:14:     hangedman_vaults_entry_quadrant_bands, elyvilon_altar_4, serial_shops,
          shop, okawaru_ov_weapons_minmay
D:15:     grunt_enter_depths_magical_seal, roderic_lattice_octagonal_star,
          portal_ice_cave_rime, lab_entry_generic
Temple:   regret_index_temple_chain_breaker
Lair:1:   enter_volcano_1, basic_altar, minivault_25, uniq_erica
Lair:2:   grunt_megastairs_5, serial_bayou_shore_a
Lair:3:   beast_lair_carwin_9, lemuel_fruit_tree, grunt_megastairs_1,
          uniq_rupert
Lair:4:   nicolae_swamp_entry_splash_gauntlet, spider_nest_entry_rubble,
          beast_lair_carwin_7
Lair:6:   grunt_lair_end_beastmaster, slime_altar_1, basic_altar,
          grunt_megastairs_3, infiniplex_staircase_pool, uniq_josephine
Swamp:1:  evilmike_swamp_ruin_rubble_1, swamp_pool1, nicolae_island_escapes
Swamp:2:  nicolae_swamp_phyte_club, evilmike_swamp_ruin_house_3
Swamp:3:  evilmike_swamp_ruin_house_2, swamp_pool2, nicolae_swamp_snake_nest
Swamp:4:  swamp_pestilence
Spider:1: spiders_nest_hornet_nest, uniq_kirke
Spider:2: zaba_antful_of_joy, nicolae_spider_cling_halls, uniq_arachne
Spider:3: hangedman_spider_tarantella_strand, uniq_jorgrun
Spider:4: grunt_spider_rune_circles
Orc:1:    serial_shops, shop, shop, nicolae_shop_waterfront
Orc:2:    st_orc_town, nicolae_orc_tapped_out
Vaults:1: grunt_vaults_funnel, vaults_mumra_chevron, vaults_mumra_minichess,
          v_alt_pattern_6, hangedman_vaults_nails, v_misc_25,
          nicolae_vaults_network_quincunx, vaults_standard_mumra_lines,
          ontoclasm_vaults_ring_square, vaults_room_pool,
          ontoclasm_vaults_pinch, serial_shops, bzr_entry_water, uniq_saint_roka
Vaults:2: ontoclasm_vaults_twist, vaults_room_glass_cross,
          minmay_crypt_entry_nasty_monster, v_rooms_2, v_misc_3,
          nicolae_vaults_network_square, nicolae_vaults_diagonal_hallway_7,
          hangedman_vaults_stretched_pinwheel, hangedman_vaults_cutoff,
          ontoclasm_vaults_idyll, nicolae_vaults_sealed_display, v_pattern_2,
          vaults_room_ringed_pool, ontoclasm_vaults_ligature,
          portal_desolation_entry_nicolae_slug
Vaults:3: v_alt_pattern_1, v_alt_pattern_4, v_misc_1, vaults_room_fours,
          v_misc_12, v_misc_2, ontoclasm_vaults_shuriken,
          hangedman_vaults_snaps, grunt_vaults_hallway_short,
          nicolae_vaults_big_angled_halls, ontoclasm_vaults_ring_small,
          nicolae_vaults_ninety_degrees
Vaults:4: v_misc_3, vaults_room_semicircle, ontoclasm_vaults_spin,
          vaults_dpeg_diagonal, vaults_room_corners,
          nicolae_vaults_network_periphery, nicolae_vaults_inception_statues,
          nicolae_vaults_alarming, hangedman_vaults_cutoff,
          ontoclasm_vaults_ring_small, vaults_room_hallway,
          vaults_dpeg_encased_lava, nicolae_vaults_shelves_hall,
          nicolae_vaults_angled_halls, vaults_room_stairs_pillars, uniq_mennas
Lab:      labyrinth_hidden_loot, nicolae_lab_big_swirl, nicolae_lab_grate,
          nicolae_lab_t_cross, labyrinth_skeletal_remains, lab_fountain
Bazaar:   bazaar_jpeg_cross
Trove:    trove_simple
Sewer:    sewer_the_crocodile
IceCv:    ice_cave_tombish
Volcano:  volcano_aerie
